 Dungeon Crawl Stone Soup version 0.19.1 (webtiles) character file.

113 Mefis the Magician (level 4, 0/25 HPs)
             Began as a Deep Elf Wizard on Dec 19, 2016.
             Succumbed to dscm's ghost's poison
             ... on level 3 of the Dungeon.
             The game lasted 00:04:20 (2081 turns).

Mefis the Magician (Deep Elf Wizard)                Turns: 2081, Time: 00:04:20

Health: 0/25       AC:  2    Str:  9    XL:     4   Next: 65%
Magic:  6/13       EV: 13    Int: 29    God:
Gold:   51         SH:  0    Dex: 13    Spells: 5 memorised, 3 levels left

rFire  + . .     SeeInvis .     m - +0 dagger
rCold  . . .     Gourm    .     a - +0 robe
rNeg   . . .     Faith    .     (no shield)
rPois  .         Spirit   .     b - +0 hat
rElec  .         Reflect  .     (no cloak)
rCorr  .         Harm     .     (no gloves)
MR     .....                    (no boots)
Stlth  ++........               f - amulet of inaccuracy
                                (no ring)
                                i - ring of protection from fire

@: mighty, brilliant, lethally poisoned (0 -> -5), repel missiles
A: no striking features
a: no special abilities


You were on level 3 of the Dungeon.
You were not hungry.

You visited 1 branch of the dungeon, and saw 3 of its levels.

You collected 51 gold pieces.

Inventory:

Hand Weapons
 m - a +0 dagger (weapon)
Missiles
 n - 11 poisoned needles
 o - 19 sling bullets
Armour
 a - a +0 robe (worn)
 b - a +0 hat (worn)
Jewellery
 f - an amulet of inaccuracy (around neck)
 i - a ring of protection from fire (left hand)
 s - an uncursed ring of poison resistance {unknown}
Scrolls
 j - 3 scrolls of remove curse
 k - a scroll of recharging {unknown}
 l - a scroll of teleportation {unknown}
 p - 2 scrolls of enchant weapon {unknown}
Potions
 e - a potion of invisibility
Books
 c - a book of Minor Magic

   Spells                             Type                      Level
   a - Magic Dart                     Conjuration                  1
   b - Blink                          Translocation                2
   c - Call Imp                       Summoning                    2
   d - Repel Missiles                 Charms/Air                   2
   e - Slow                           Hexes                        2
   f - Conjure Flame                  Conjuration/Fire             3
   g - Mephitic Cloud                 Conjuration/Poison/Air       3
Comestibles
 d - a bread ration
 r - a beef jerky
 t - a slice of pizza


   Skills:
 + Level 1.3 Fighting
 + Level 3.0 Dodging
 + Level 3.4 Stealth
 * Level 5.1 Spellcasting
 + Level 2.1 Conjurations
 - Level 1.1 Summonings
 - Level 1.1 Translocations
 + Level 0.8 Air Magic
 + Level 1.0 Poison Magic


You had 3 spell levels left.
You knew the following spells:

 Your Spells              Type           Power        Failure   Level  Hunger
a - Magic Dart            Conj           ####         1%          1    None
b - Call Imp              Summ           ####....     1%          2    None
c - Blink                 Tloc           N/A          1%          2    None
d - Repel Missiles        Chrm/Air       ####..       1%          2    None
e - Mephitic Cloud        Conj/Pois/Air  ####....     1%          3    #......


Dungeon Overview and Level Annotations

Branches:
Dungeon (3/15)

Altars:
Ashenzari
Kikubaaqudgha
Makhleb
Okawaru
Uskayaw


Message History

* * * LOW HITPOINT WARNING * * *
You feel sick.
It was a potion of cure mutation.
It has a very clean taste.
* * * LOW HITPOINT WARNING * * *
You feel sick.
There is a lethal amount of poison in your body!
* * * LOW HITPOINT WARNING * * *
You feel sick.
* * * LOW HITPOINT WARNING * * *
You feel sick.
* * * LOW HITPOINT WARNING * * *
You feel sick.
* * * LOW HITPOINT WARNING * * *
You feel sick.
* * * LOW HITPOINT WARNING * * *
You feel sick.
Okay, then.
You feel clever all of a sudden.
Your magical contamination has completely faded away.
You die...

##.####.###
..........
#..)..#
###...#
#.)...##
###†###..#
#.. #...#
##5# #..
#.### #5##
#.. #.#
#5@# #..
##.# ##.#
#..##..#
#...#
#..#..##
###....
#..#.####
##)...
###.......#
...
..........#
.S
.##.......#
. #.......#


You could see 2 friendly white imps and a friendly shadow imp.

Vanquished Creatures
  5 adders
  2 worms (D:2)
  2 dart slugs
  A leopard gecko (D:1)
  3 giant cockroaches (D:2)
  3 goblins
  6 hobgoblins
  2 jackals (D:1)
  7 kobolds
  A bat (D:1)
  2 frilled lizards
  4 rats
38 creatures vanquished.

Vanquished Creatures (collateral kills)
  The ghost of dscm the Charmwright, a weakling OpSk of Fedhas (D:3)
  A worm (D:2)
2 creatures vanquished.

Grand Total: 40 creatures vanquished

Notes
Turn   | Place    | Note
-------+----------+-------------------------------------------
     0 | D:1      | Mefis the Deep Elf Wizard began the quest for the Orb.
     0 | D:1      | Reached XP level 1. HP: 10/10 MP: 7/7
   561 | D:1      | Reached XP level 2. HP: 15/15 MP: 3/9
   565 | D:1      | Learned a level 2 spell: Call Imp
   568 | D:1      | Learned a level 2 spell: Blink
   571 | D:1      | Learned a level 2 spell: Repel Missiles
  1050 | D:2      | Reached skill level 1 in Fighting
  1050 | D:2      | Reached XP level 3. HP: 20/20 MP: 0/11
  1055 | D:2      | Learned a level 3 spell: Mephitic Cloud
  1565 | D:2      | Reached XP level 4. HP: 23/25 MP: 2/12
  1657 | D:2      | Found a shattered altar of Ashenzari.
  1658 | D:2      | Found a hide-covered altar of Uskayaw.
  1660 | D:2      | Found an iron altar of Okawaru.
  1661 | D:2      | Found an ancient bone altar of Kikubaaqudgha.
  1661 | D:2      | Found a burning altar of Makhleb.
  1813 | D:2      | Reached skill level 5 in Spellcasting
  2043 | D:3      | Noticed dscm's ghost (weakling OpSk)
  2064 | D:3      | Killed dscm's ghost
  2064 | D:3      | Reached skill level 1 in Poison Magic
  2078 | D:3      | HP: 1/25 [poisoned by dscm's ghost]
  2081 | D:3      | Succumbed to dscm's ghost's poison

Skill      XL: |  1  2  3  4 |
---------------+-------------+-----
Stealth        | 3 |  3.4
Fighting       | 1 |  1.3
Spellcasting   | 5 |  5.1
Conjurations   | 2 |  2.1
Dodging        | 3 |  3.0
Poison Magic   | 1 |  1.0
Summonings     | |  1.1
Translocations | |  1.1
Air Magic      | |  0.8

Action                   |  1- 3 |  4- 6 || total
-------------------------+-------+-------++-------
Melee: Dagger            |    16 |     3 ||    19
 Cast: Magic Dart        |    81 |    35 ||   116
       Repel Missiles    |     1 |     1 ||     2
       Call Imp          |     2 |     3 ||     5
  Use: Scroll            |       |     3 ||     3
       Potion            |       |     3 ||     3
  Eat: Chunk             |     2 |     1 ||     3
Armor: Robe              |     2 |     1 ||     3
Dodge: Dodged            |    18 |     5 ||    23
       Deflected         |       |     1 ||     1
